 Dungeon Crawl Stone Soup version 0.22.1-1-ga44c0e56f4 (webtiles) character file.

320148 Morrissey the Hoplite (level 20, -15/182 HPs)
             Began as a Minotaur Fighter on Oct 28, 2018.
             Was the Champion of Okawaru.
             Demolished by an orc warrior
             ... wielding a +0 war axe
             ... led by an orc warlord
              (30 damage)
             ... on level 5 of the Vaults.
             The game lasted 01:37:49 (43559 turns).

Morrissey the Hoplite (Minotaur Fighter)           Turns: 43559, Time: 01:37:50

Health: -15/182    AC: 30    Str: 26    XL:     20   Next: 61%
Magic:  23/27      EV: 26    Int:  8    God:    Okawaru [******]
Gold:   3698       SH: 29    Dex: 17    Spells: 19/19 levels left

rFire    + . .     SeeInvis +   b - +9 demon blade (flame)
rCold    . . .     Gourm    .   M - +2 large shield "Xaenk" {Str+3 SInv}
rNeg     . . .     Faith    .   S - +6 chain mail "Zacops" {rF+}
rPois    +         Spirit   .   t - +1 hat {Int+3}
rElec    .         Reflect  .   I - +1 cloak {MR+}
rCorr    +         Harm     .   m - +1 pair of gloves {archery}
MR       ++...                  R - +1 pair of boots
Stlth    ..........             X - amulet of regeneration
HPRegen  0.80/turn              K - ring of resist corrosion
MPRegen  0.20/turn              r - +4 ring of evasion

@: heroism, finesse
A: retaliatory headbutt, horns 2, poison resistance, MP-powered wands
}: 2/15 runes: decaying, gossamer
a: Heroism, Finesse, Renounce Religion


You were on level 5 of the Vaults.
You worshipped Okawaru.
Okawaru was exalted by your worship.
You were not hungry.

You visited 8 branches of the dungeon, and saw 38 of its levels.
You also visited: Sewer.

You collected 3794 gold pieces.
You spent 96 gold pieces at shops.

Inventory:

Hand Weapons
 a - a +2 demon blade of freezing
 b - a +9 demon blade of flaming (weapon)
Armour
 m - a +1 pair of gloves of archery (worn)
 t - a +1 hat of intelligence (worn)
 v - the +2 acid dragon scales of Qoeguloy {rCorr MP+9}
   (Okawaru gifted it to you on level 13 of the Dungeon)

   It affects your magic capacity (+9).
   It provides partial protection from all sources of acid and corrosion.
 I - a +1 cloak of magic resistance (worn)
 J - the +2 plate armour of Free Expression {rPois rC- Int+3}
   (You found it on level 2 of the Vaults)

   It affects your intelligence (+3).
   It makes you vulnerable to cold.
   It protects you from poison.
 M - the +2 large shield "Xaenk" (worn) {Str+3 SInv}
   (Okawaru gifted it to you on level 6 of the Lair of Beasts)

   It affects your strength (+3).
   It lets you see invisible.
 R - a +1 pair of boots (worn)
 S - the +6 chain mail "Zacops" (worn) {rF+}
   (Okawaru gifted it to you on level 4 of the Spider Nest)

   It protects you from fire.
Jewellery
 e - an uncursed ring of protection from magic
 r - a +4 ring of evasion (right hand)
 u - an uncursed ring of see invisible
 K - a ring of resist corrosion (left hand)
 O - an uncursed ring of flight
 Q - an uncursed ring of protection from cold
 X - an amulet of regeneration (around neck)
 Z - a +5 ring of intelligence
Wands
 g - a wand of iceblast (11)
 x - a wand of acid (20)
 F - a wand of paralysis (42)
 H - a wand of clouds (9)
 N - a wand of enslavement (41)
 U - a wand of scattershot (2)
Scrolls
 h - 4 scrolls of fog
 i - 10 scrolls of teleportation
 j - 6 scrolls of amnesia
 k - 17 scrolls of remove curse
 y - 7 scrolls of enchant armour
 A - 12 scrolls of blinking
 B - 2 scrolls of acquirement {unknown}
 E - a scroll of summoning
 P - 2 scrolls of holy word
 T - 10 scrolls of magic mapping
 W - 4 scrolls of fear
Potions
 c - 4 potions of flight
 d - 5 potions of might
 l - a potion of resistance
 n - 2 potions of ambrosia
 o - 3 potions of berserk rage
 p - 8 potions of heal wounds
 q - 5 potions of mutation
 s - 5 potions of brilliance
 w - 4 potions of agility
 z - 4 potions of cancellation
 C - 5 potions of invisibility
 D - 8 potions of curing
 G - 4 potions of haste
 V - a potion of magic
Comestibles
 f - 60 rations


   Skills:
 + Level 16.7(21.7) Fighting
 - Level 14.0(19.0) Long Blades
   Level 14.0(19.0) Polearms
 - Level 15.0(20.0) Armour
 - Level 15.0(20.0) Dodging
 - Level 25.0(27) Shields
 + Level 10.7 Invocations


You had 19 spell levels left.
You didn't know any spells.
Your spell library contained the following spells:

 Spells                   Type           Power        Failure   Level  Hunger
 Confusing Touch          Hex            #.....       78%         1    ##.....
 Corona                   Hex            #......      78%         1    ##.....
 Flame Tongue             Conj/Fire      #....        78%         1    ##.....
 Infusion                 Chrm           #...         78%         1    ##.....
 Magic Dart               Conj           #...         78%         1    ##.....
 Shock                    Conj/Air       #...         78%         1    ##.....
 Sting                    Conj/Pois      #...         78%         1    ##.....
 Ensorcelled Hibernation  Hex/Ice        #.....       89%         2    ###....
 Poisonous Vapours        Pois/Air       #.....       89%         2    ###....
 Searing Ray              Conj           #.....       89%         2    ###....
 Shroud of Golubria       Chrm/Tloc      #.........   89%         2    ###....
 Song of Slaying          Chrm           #.......     89%         2    ###....
 Swiftness                Chrm/Air       #.......     89%         2    ###....
 Confuse                  Hex            #.......     98%         3    ####...
 Conjure Flame            Conj/Fire      #.......     98%         3    ####...
 Dazzling Spray           Conj/Hex       #.....       98%         3    ####...
 Gell's Gravitas          Tloc           #.........   98%         3    ####...
 Mephitic Cloud           Conj/Pois/Air  #.......     98%         3    ####...
 Regeneration             Chrm/Necr      #.........   98%         3    ####...
 Spectral Weapon          Hex/Chrm       #.......     98%         3    ####...
 Static Discharge         Conj/Air       #.......     98%         3    ####...
 Tukima's Dance           Hex            #.......     98%         3    ####...
 Airstrike                Air            #.........   100%        4    #####..
 Cause Fear               Hex            #.........   100%        4    #####..
 Force Lance              Conj/Tloc      #.......     100%        4    #####..
 Fulminant Prism          Conj/Hex       #.........   100%        4    #####..
 Ice Form                 Ice/Tmut       #.......     100%        4    #####..
 Iskenderun's Mystic Bla  Conj           #.......     100%        4    #####..
 Olgreb's Toxic Radiance  Pois           #.......     100%        4    #####..
 Petrify                  Tmut/Erth      #.......     100%        4    #####..
 Summon Lightning Spire   Summ/Air       #.......     100%        4    #####..
 Irradiate                Conj/Tmut      #.........   100%        5    ######.
 Lightning Bolt           Conj/Air       #.........   100%        5    ######.
 Metabolic Englaciation   Hex/Ice        #.........   100%        5    ######.
 Silence                  Hex/Air        #.........   100%        5    ######.
 Venom Bolt               Conj/Pois      #.........   100%        5    ######.
 Yara's Violent Unravell  Hex/Tmut       #.........   100%        5    ######.
 Bolt of Cold             Conj/Ice       #.........   100%        6    #######
 Bolt of Fire             Conj/Fire      #.........   100%        6    #######
 Conjure Ball Lightning   Conj/Air       #.........   100%        6    #######
 Deflect Missiles         Chrm/Air       #.........   100%        6    #######
 Freezing Cloud           Conj/Ice/Air   #.........   100%        6    #######
 Hydra Form               Tmut           #.........   100%        6    #######
 Ozocubu's Refrigeration  Ice            #.........   100%        6    #######
 Simulacrum               Ice/Necr       #.........   100%        6    #######
 Statue Form              Tmut/Erth      #........    100%        6    #######
 Dragon Form              Tmut           #.........   100%        7    #######
 Ring of Flames           Chrm/Fire      #.........   100%        7    #######
 Dragon's Call            Summ           #.........   100%        9    #######
 Tornado                  Air            #.........   100%        9    #######


Dungeon Overview and Level Annotations

Branches:
Dungeon (15/15)            Temple (1/1) D:5            Lair (6/6) D:10
  Swamp (4/4) Lair:4       Spider (4/4) Lair:4        Slime (0/5) Lair:6
    Orc (2/2) D:10            Elf (0/3) Orc:2        Vaults (5/5) D:13
  Crypt (0/3) Vaults:3     Depths (1/5) D:15

Altars:
Ashenzari
Cheibriados
Dithmenos
Elyvilon
Fedhas
Gozag
Hepliaklqana
Kikubaaqudgha
Makhleb
Nemelex Xobeh
Okawaru
Qazlal
Ru
Sif Muna
Trog
Uskayaw
Vehumet
Wu Jian
Xom
Yredelemnul
Zin
The Shining One
Beogh

Shops:
D:4 %   D:7 *   D:11 *   Orc:1 :**:!   Orc:2 ([*:   Vaults:4 (*   Depths:1 !==

Portals:
Hell: Depths:1
Abyss: Depths:1
Pandemonium: Depths:1
Ziggurat: Depths:1

Annotations:
D:12 1 runed door, topfpfpflanze's ghost, journeyman GnTm
D:14 1 runed door, Iscandelvey's ghost, journeyman DgWz
D:15 exclusion: orange crystal statue
Swamp:3 exclusion: downstairs
Spider:3 3 runed doors, exclusion: Roxanne, Dodenor's ghost, adept CeHu; Roxanne
Orc:1 1 runed door, Cykl0x's ghost, journeyman GrFi
Vaults:4 exclusion: 2 downstairs


Innate Abilities, Weirdness & Mutations

You reflexively headbutt those who attack you in melee.
You have a pair of horns on your head.
Your system is resistant to poisons. (rPois)
You expend magic power (3 MP) to strengthen your wands.


Message History

The orc warlord is heavily wounded.
Your chain mail "Zacops" prevents you from hitting the orc warlord.
The orc warlord is heavily wounded.
An ettin comes into view.
It is wielding a dire flail and a great mace.
The vault sentinel blows a loud note on a signal horn!
You block the orc warlord's attack.
The ettin shouts in stereo!
You hear a trumpeting!
You hear a shout!
You slash the orc warlord! You burn the orc warlord.
You headbutt the orc warlord!
The orc warlord is almost dead.
You barely miss the orc warlord.
You headbutt the orc warlord, but do no damage.
The orc warlord is almost dead.
You cut the orc warlord into ribbons!!! You burn the orc warlord.
You kill the orc warlord!
Okawaru accepts your kill.
The orc warrior hits you with a glaive!!
* * * LOW HITPOINT WARNING * * *
The orc warrior hits you with a war axe!!
You die...

op.#
#CC#
#oo#
#..#
#..#
#oo#
#oo#
#@)#
#..#
#..#
#..#
#..#
#..#
#..#
#..#
#..#


You could see 2 ettins, a vault sentinel, 3 orc warriors, an orc wizard and 3
orcs.

Vanquished Creatures
  A caustic shrike (Depths:1)
  Nikola (Spider:2)
  Arachne (Spider:2)
  A tentacled monstrosity (Depths:1)
  Asterion (Spider:3)
  3 liches
  2 thorn hunters
  A tengu reaver (Vaults:4)
  2 fire giants
  11 vault wardens
  2 frost giants (Depths:1)
  3 emperor scorpions (Spider:4)
  5 ghost moths
  Louise (Spider:4)
  3 orc warlords
  A deep elf elementalist (Vaults:4)
  A spriggan defender (Depths:1)
  8 ironheart preservers
  9 stone giants
  4 entropy weavers
  3 very ugly things (Depths:1)
  A spark wasp (Spider:4)
  Snorg (D:12)
  11 ettins
  6 fire dragons
  A blizzard demon (Depths:1)
  A crystal guardian (Vaults:3)
  4 yaktaur captains
  24 vault guards (Vaults:4)
  A rakshasa (Depths:1)
  Erolcha (Orc:1)
  5 great orbs of eyes (Depths:1)
  A catoblepas (Lair:2)
  5 ice dragons
  17 hydras
  2 ghost crabs (Swamp:3)
  9 centaur warriors
  A spriggan air mage (Depths:1)
  6 ogre magi
  A death knight (D:13)
  12 alligators
  A merfolk avatar (Lair:6)
  3 deep troll shamans
  4 deep troll earth magi (Depths:1)
  3 death yaks (Lair:6)
  12 two-headed ogres
  A queen ant (Spider:2)
  3 orc high priests
  3 tengu warriors
  3 spriggans
  3 deep elf knights
  An iron troll (Depths:1)
  16 skeletal warriors
  2 unseen horrors
  3 shadow wraiths
  An unseen horror (shapeshifter) (Vaults:3)
  A sea snake (Lair:6)
  A glowing orange brain (Vaults:4)
  Pikel (D:7)
  2 flayed ghosts
  4 shambling mangroves
  2 wizards
  2 deep elf archers (Vaults:2)
  20 swamp dragons
  2 spriggan druids (Swamp:4)
  A storm dragon skeleton (Vaults:3)
  9 deep trolls
  An infernal demonspawn (Depths:1)
  9 ironbrand convokers
  A wolf spider zombie (D:13)
  A harpy (shapeshifter) (Vaults:2)
  2 phantasmal warriors
  30 ugly things
  16 orb spiders
  4 deep elf magi
  9 harpies
  8 orc knights
  A tengu zombie (Vaults:2)
  A tengu skeleton (Vaults:3)
  An orb spider (shapeshifter) (Depths:1)
  6 orc sorcerers
  4 necromancers
  A fire giant zombie (Depths:1)
  4 manticores
  5 cyclopes
  Maurice (Orc:1)
  32 wolf spiders
  3 black mambas
  3 stone giant skeletons
  18 human skeletons
  A frost giant skeleton (Depths:1)
  An eye of devastation (Lair:6)
  11 vault sentinels
  12 elephants
  12 spiny frogs
  A rime drake (shapeshifter) (Vaults:1)
  5 rime drakes
  6 gargoyles
  8 komodo dragons
  12 demonic crawlers
  26 yaktaurs
  2 freezing wraiths
  2 ice devils (Depths:1)
  A red devil (Depths:1)
  3 tengu conjurers
  A troll (shapeshifter) (Vaults:4)
  2 yaktaur skeletons
  A harpy zombie (D:13)
  10 tyrant leeches
  34 jumping spiders
  A wind drake (shapeshifter) (Vaults:4)
  A queen bee (Lair:4)
  10 trolls
  3 polar bears
  6 meliai
  A wind drake (Lair:6)
  23 hornets
  16 blink frogs
  A harpy skeleton (D:15)
  13 bog bodies
  A polar bear (shapeshifter) (D:13)
  11 dream sheep
  15 hippogriffs
  21 slime creatures
  A spriggan zombie (Depths:1)
  A frost giant simulacrum (Vaults:1)
  A centaur simulacrum (D:15)
  61 redbacks
  A vampire (D:13)
  4 wyverns
  4 basilisks
  4 shadows
  3 hogs (shapeshifter)
  An ettin skeleton (Vaults:3)
  29 tarantellas
  28 yaks
  2 wraiths
  A hungry ghost (D:8)
  12 vampire mosquitoes
  A chaos spawn (Depths:1)
  6 insubstantial wisps (Swamp:3)
  2 wargs (Orc:1)
  A swamp worm (shapeshifter) (D:15)
  20 swamp worms
  19 soldier ants
  2 acid dragons (Vaults:1)
  10 water moccasins
  15 swamp drakes
  8 porcupines
  48 orc warriors
  An ice beast (D:7)
  2 sky beasts
  3 eyes of draining
  4 wolves (Lair:1)
  23 ogres
  2 necrophages
  An ogre (shapeshifter) (Depths:1)
  A boggart (Vaults:1)
  25 centaurs
  An elf skeleton (Vaults:4)
  12 crocodiles
  Blork the orc (Orc:2)
  2 human zombies (Vaults:2)
  16 bullfrogs
  2 big kobolds
  A water moccasin zombie (D:7)
  2 scorpions
  A wyvern skeleton (D:6)
  34 killer bees
  4 wights (D:7)
  4 howler monkeys
  3 electric eels
  6 crimson imps
  2 centaur zombies
  A human simulacrum (Vaults:1)
  A bullfrog zombie (D:11)
  3 quasits
  4 hounds
  2 jellies
  3 bullfrog skeletons
  17 orc priests
  3 centaur skeletons
  An iron imp (Depths:1)
  Jessica (D:6)
  4 iguanas
  22 orc wizards
  23 worker ants
  2 hound skeletons
  A howler monkey zombie (D:11)
  21 adders
  A river rat (D:5)
  3 gnolls (D:11)
  3 shadow imps
  2 white imps (Depths:1)
  An ufetubus (Depths:1)
  10 oozes
  3 worms
  2 dart slugs (D:1)
  13 leopard geckos
  100 orcs
  11 ball pythons
  10 giant cockroaches
  10 hobgoblins
  4 jackals (D:3)
  5 quokkas
  9 bats
  13 frilled lizards
  3 goblins
  17 kobolds
  5 rats
  A fungus (Lair:1)
  A plant (Lair:4)
1487 creatures vanquished.

Vanquished Creatures (others)
  A jumping spider (Spider:3)
  A hornet (Swamp:3)
  3 redbacks
  3 slaves (D:7)
  A wight (D:7)
  An iguana (D:7)
  An adder skeleton (D:7)
  2 orcs (D:7)
  9 fungi
  22 plants
44 creatures vanquished.

Grand Total: 1531 creatures vanquished

Notes
Turn   | Place    | Note
-------+----------+-------------------------------------------
     0 | D:1      | Morrissey the Minotaur Fighter began the quest for the Orb.
     0 | D:1      | Reached XP level 1. HP: 19/19 MP: 0/0
   141 | D:1      | Reached XP level 2. HP: 27/27 MP: 1/1
   612 | D:1      | Reached skill level 4 in Shields
   612 | D:1      | Reached XP level 3. HP: 32/33 MP: 2/2
  1374 | D:3      | Reached XP level 4. HP: 19/40 MP: 3/3
  1579 | D:3      | Found a shadowy altar of Dithmenos.
  1649 | D:3      | Noticed an ogre
  1656 | D:3      | Killed an ogre
  1656 | D:3      | Reached XP level 5. HP: 45/47 MP: 4/4
  2102 | D:4      | Found Kennuepp's Food Shoppe.
  2427 | D:5      | Entered Level 5 of the Dungeon
  2432 | D:5      | Reached skill level 5 in Polearms
  2539 | D:5      | Found a staircase to the Ecumenical Temple.
  2550 | Temple   | Entered the Ecumenical Temple
  2725 | Temple   | Became a worshipper of Warmaster Okawaru
  2768 | D:5      | Reached XP level 6. HP: 48/55 MP: 5/5
  2821 | D:5      | Reached skill level 5 in Fighting
  2835 | D:5      | Reached skill level 5 in Shields
  2872 | D:5      | Reached skill level 5 in Armour
  2881 | D:5      | Found a glowing drain.
  2886 | Sewer    | Entered a sewer
  3298 | Sewer    | Reached XP level 7. HP: 52/61 MP: 6/6
  4084 | D:6      | Reached * piety under Okawaru
  4169 | D:6      | Reached skill level 1 in Invocations
  4318 | D:6      | Found an ancient bone altar of Kikubaaqudgha.
  4410 | D:6      | Noticed Jessica
  4417 | D:6      | Killed Jessica
  4420 | D:6      | Found a deep blue altar of Sif Muna.
  4573 | D:6      | Reached skill level 6 in Shields
  4575 | D:6      | Reached XP level 8. HP: 61/70 MP: 6/8
  5269 | D:7      | Found Itaugo Xag's Assorted Antiques.
  5285 | D:7      | Noticed Pikel
  5300 | D:7      | Killed Pikel
  5300 | D:7      | Reached ** piety under Okawaru
  5930 | D:7      | Reached skill level 7 in Shields
  5930 | D:7      | Reached XP level 9. HP: 27/79 MP: 10/10
  6351 | D:7      | Reached *** piety under Okawaru
  6904 | D:8      | Got a distressingly furry cloak
  6910 | D:8      | Identified the +0 cloak "Soimefeq" {Int+5} (You found it on
                  | level 8 of the Dungeon)
  7399 | D:9      | Reached skill level 10 in Polearms
  7584 | D:9      | Reached **** piety under Okawaru
  7613 | D:9      | Reached skill level 8 in Shields
  7909 | D:9      | Reached XP level 10. HP: 86/88 MP: 12/12
  8226 | D:10     | Entered Level 10 of the Dungeon
  8283 | D:10     | Noticed a two-headed ogre
  8304 | D:10     | Killed a two-headed ogre
  8304 | D:10     | Reached ***** piety under Okawaru
  8319 | D:10     | Reached skill level 5 in Invocations
  8389 | D:10     | Found a roughly hewn altar of Beogh.
  8389 | D:10     | Found a staircase to the Orcish Mines.
  9196 | D:10     | Found a staircase to the Lair.
  9268 | D:10     | Received a gift from Okawaru
  9705 | D:11     | Reached skill level 9 in Shields
  9906 | D:11     | Found Fured's General Store.
  9913 | D:11     | Bought a scroll of teleportation for 48 gold pieces
  9913 | D:11     | Bought a scroll of remove curse for 48 gold pieces
 10083 | D:11     | Noticed a two-headed ogre
 10091 | D:11     | Killed a two-headed ogre
 10353 | D:12     | Noticed Snorg
 10377 | D:12     | Killed Snorg
 10377 | D:12     | Reached XP level 11. HP: 69/96 MP: 7/14
 10620 | D:12     | Found a runed door.
 10810 | D:12     | Noticed a green ugly thing
 10818 | D:12     | Noticed a green ugly thing
 10853 | D:11     | Killed a green ugly thing
 10985 | D:12     | Noticed topfpfpflanze's ghost (journeyman GnTm)
 11438 | D:13     | Noticed a two-headed ogre
 11460 | D:13     | Killed a two-headed ogre
 11512 | D:13     | Noticed a necromancer
 11520 | D:13     | Killed a necromancer
 11537 | D:13     | Found a gate to the Vaults.
 11548 | D:13     | Noticed a harpy
 11566 | D:13     | a harpy changed into a polar bear
 11570 | D:13     | Received a gift from Okawaru
 11570 | D:13     | Reached skill level 10 in Fighting
 11570 | D:13     | Reached skill level 10 in Armour
 11570 | D:13     | Reached skill level 10 in Shields
 11831 | D:13     | Noticed a centaur warrior
 11855 | D:13     | Killed a centaur warrior
 11877 | D:13     | Noticed a centaur warrior
 11903 | D:13     | Killed a centaur warrior
 12188 | Lair:1   | Entered Level 1 of the Lair of Beasts
 12284 | D:10     | Reached XP level 12. HP: 50/106 MP: 8/16
 13476 | Lair:2   | Noticed a catoblepas
 13496 | Lair:2   | Killed a catoblepas
 13496 | Lair:2   | Received a gift from Okawaru
 13631 | Lair:2   | Noticed a seven-headed hydra
 13643 | Lair:2   | Killed a seven-headed hydra
 14262 | Lair:3   | Reached skill level 11 in Shields
 15123 | Lair:4   | Received a gift from Okawaru
 15482 | Lair:4   | Found a hole to the Spider Nest.
 15655 | Lair:4   | Reached skill level 12 in Shields
 16137 | Lair:4   | Reached XP level 13. HP: 106/117 MP: 18/18
 16151 | Lair:4   | Found a staircase to the Swamp.
 17106 | Lair:5   | Reached ****** piety under Okawaru
 17357 | Lair:5   | Received a gift from Okawaru
 17762 | Lair:5   | Reached skill level 13 in Shields
 18141 | Lair:6   | Entered Level 6 of the Lair of Beasts
 18436 | Lair:6   | Received a gift from Okawaru
 18473 | Lair:6   | Got a bloodstained large shield {god gift}
 18484 | Lair:6   | Identified the +2 large shield "Xaenk" {Str+3 SInv}
                  | (Okawaru gifted it to you on level 6 of the Lair of Beasts)
 18975 | Lair:6   | Reached skill level 14 in Shields
 19021 | Lair:6   | Reached XP level 14. HP: 120/129 MP: 19/19
 19207 | Lair:6   | Found a staircase to the Slime Pits.
 20128 | Orc:1    | Entered Level 1 of the Orcish Mines
 20282 | Orc:1    | Noticed a stone giant
 20284 | Orc:1    | Found Yroekhly's Book Emporium.
 20304 | Orc:1    | Killed a stone giant
 20475 | Orc:1    | Found Tuef's General Store.
 20479 | Orc:1    | Noticed an orc warlord
 20536 | Orc:1    | Killed an orc warlord
 20552 | Orc:1    | Received a gift from Okawaru
 20669 | Orc:1    | Found Durob's General Store.
 20716 | Orc:1    | Found a runed door.
 20716 | Orc:1    | Found a shimmering altar of Xom.
 20716 | Orc:1    | Noticed Cykl0x's ghost (journeyman GrFi)
 20733 | Orc:1    | Noticed Erolcha
 20752 | Orc:1    | Killed Erolcha
 20756 | Orc:1    | Found Bisoc's Book Shop.
 20756 | Orc:1    | Noticed Maurice
 20788 | Orc:1    | Reached skill level 15 in Shields
 20793 | Orc:1    | Killed Maurice
 20948 | Orc:1    | Found Haownadgh's Distillery.
 21043 | Orc:2    | Entered Level 2 of the Orcish Mines
 21348 | Orc:2    | Noticed Blork the orc
 21359 | Orc:2    | Noticed an orc warlord
 21380 | Orc:2    | Killed Blork the orc
 21479 | Orc:1    | Killed an orc warlord
 21833 | Orc:2    | Found a roughly hewn altar of Beogh.
 22069 | Orc:2    | Found Miroisko's General Store.
 22170 | Orc:2    | Found Tokei's Antique Armour Emporium.
 22185 | Orc:2    | Found Wipeink's Book Emporium.
 22395 | Orc:2    | Found a staircase to the Elven Halls.
 22566 | Orc:2    | Reached skill level 15 in Armour
 22570 | Orc:2    | Reached skill level 15 in Fighting
 22587 | Orc:2    | Reached skill level 1 in Dodging
 22671 | Orc:2    | Found Reoliazu's Antique Weapon Emporium.
 23208 | D:13     | Received a gift from Okawaru
 23214 | D:13     | Got polished acid dragon scales {god gift}
 23225 | D:13     | Identified the +2 acid dragon scales of Qoeguloy {rCorr
                  | MP+9} (Okawaru gifted it to you on level 13 of the Dungeon)
 23859 | D:14     | Reached XP level 15. HP: 140/140 MP: 20/20
 23871 | D:14     | Reached skill level 5 in Dodging
 24099 | D:14     | Reached skill level 16 in Shields
 24498 | D:14     | Found a runed door.
 24544 | D:14     | Noticed Iscandelvey's ghost (journeyman DgWz)
 24779 | Spider:1 | Entered Level 1 of the Spider Nest
 25667 | Spider:2 | Received a gift from Okawaru
 26010 | Spider:2 | Reached skill level 10 in Dodging
 26653 | Spider:3 | Noticed Roxanne
 26788 | Spider:3 | Found a runed gate.
 26788 | Spider:3 | Found a runed gate.
 26788 | Spider:3 | Found a runed gate.
 26788 | Spider:3 | Noticed Dodenor's ghost (adept CeHu)
 26949 | Spider:3 | Noticed Arachne
 27130 | Spider:2 | Killed Arachne
 27312 | Spider:3 | Noticed Nikola
 27465 | Spider:2 | Killed Nikola
 27675 | Spider:3 | Noticed a ghost moth
 27699 | Spider:3 | Killed a ghost moth
 27699 | Spider:3 | Reached XP level 16. HP: 149/149 MP: 3/21
 27730 | Spider:3 | Noticed Asterion
 27731 | Spider:3 | Gained mutation: Armour fits poorly on your strangely
                  | shaped body. [a cacodemon]
 27835 | Spider:2 | Lost mutation: Armour fits poorly on your strangely shaped
                  | body. [potion of mutation]
 27835 | Spider:2 | Gained mutation: Your system is resistant to poisons.
                  | (rPois) [potion of mutation]
 27835 | Spider:2 | Gained mutation: You expend magic power (3 MP) to
                  | strengthen your wands. [potion of mutation]
 27885 | Spider:3 | Killed Asterion
 27946 | Spider:3 | Reached skill level 1 in Long Blades
 28092 | Spider:4 | Entered Level 4 of the Spider Nest
 28422 | Spider:4 | Reached skill level 5 in Long Blades
 28444 | Spider:4 | Received a gift from Okawaru
 28991 | Spider:4 | Received a gift from Okawaru
 28995 | Spider:4 | Got an ichor-stained chain mail {god gift}
 29039 | Spider:4 | Identified the +6 chain mail "Zacops" {rF+} (Okawaru gifted
                  | it to you on level 4 of the Spider Nest)
 29361 | Spider:4 | Reached skill level 10 in Long Blades
 29415 | Spider:4 | Noticed Louise
 29959 | Spider:4 | Killed Louise
 30486 | Spider:4 | Got a gossamer rune of Zot
 30653 | Swamp:1  | Entered Level 1 of the Swamp
 31009 | Swamp:1  | Found a glowing golden altar of the Shining One.
 31546 | Swamp:2  | Reached XP level 17. HP: 149/156 MP: 22/22
 32413 | Swamp:3  | Received a gift from Okawaru
 33053 | Swamp:4  | Entered Level 4 of the Swamp
 33166 | Swamp:4  | Reached skill level 17 in Shields
 33806 | Swamp:4  | Received a gift from Okawaru
 33813 | Swamp:4  | Reached skill level 15 in Dodging
 33872 | Swamp:4  | Got a decaying rune of Zot
 34623 | Vaults:1 | Entered Level 1 of the Vaults
 34626 | Vaults:1 | Noticed a lich
 34640 | Vaults:1 | Killed a lich
 34676 | Vaults:1 | Reached skill level 18 in Shields
 35146 | Vaults:1 | Received a gift from Okawaru
 35163 | Vaults:1 | Reached XP level 18. HP: 130/163 MP: 23/23
 35327 | Vaults:1 | Reached skill level 19 in Shields
 36143 | Vaults:1 | Reached skill level 20 in Shields
 36702 | Vaults:2 | Received a gift from Okawaru
 36804 | Vaults:2 | Got a faintly glowing plate armour {god gift}
 36839 | Vaults:2 | Identified the +0 plate armour of the Five Dreams {rN+
                  | Int+4 SInv Stlth-} (Okawaru gifted it to you on level 2 of
                  | the Vaults)
 37252 | Vaults:2 | Got a translucent plate armour
 37263 | Vaults:2 | Identified the +2 plate armour of Free Expression {rPois
                  | rC- Int+3} (You found it on level 2 of the Vaults)
 37674 | Vaults:3 | Reached skill level 21 in Shields
 38599 | Vaults:3 | Reached skill level 22 in Shields
 38615 | Vaults:3 | Found a staircase to the Crypt.
 38885 | Vaults:4 | Reached XP level 19. HP: 122/170 MP: 24/24
 38923 | Vaults:4 | Received a gift from Okawaru
 39152 | Vaults:4 | Found Faeffico's Antique Weapon Emporium.
 39284 | Vaults:4 | Reached skill level 23 in Shields
 39483 | Vaults:4 | Received a gift from Okawaru
 39494 | Vaults:4 | Got a slimy broad axe {god gift}
 39495 | Vaults:4 | Identified the +4 broad axe "Jaaceij" {drain, *Slow rF+ MR+
                  | Int+8 Dex+4} (Okawaru gifted it to you on level 4 of the
                  | Vaults)
 39631 | Vaults:4 | Paralysed by a hornet for 2 turns
 40092 | Vaults:4 | Found Netec's General Store.
 40280 | D:15     | Entered Level 15 of the Dungeon
 40770 | D:15     | Reached skill level 24 in Shields
 40884 | D:15     | Found a staircase to the Depths.
 41199 | Depths:1 | Entered Level 1 of the Depths
 41268 | Depths:1 | Found a huge runed gate.
 41269 | Depths:1 | Found a huge runed gate.
 41269 | Depths:1 | Found a huge runed gate.
 41270 | Depths:1 | Found a huge runed gate.
 41271 | Depths:1 | Found a huge runed gate.
 41272 | Depths:1 | Found a huge runed gate.
 41276 | Depths:1 | Found Egoaq's Distillery.
 41314 | Depths:1 | Found a one-way gate leading to the halls of Pandemonium.
 41324 | Depths:1 | Received a gift from Okawaru
 41512 | Depths:1 | Found a gateway to a ziggurat.
 41767 | Depths:1 | Found a one-way gate to the infinite horrors of the Abyss.
 41769 | Depths:1 | Found a huge runed gate.
 41769 | Depths:1 | Found a huge runed gate.
 41773 | Depths:1 | Found a huge runed gate.
 41773 | Depths:1 | Found a huge runed gate.
 41774 | Depths:1 | Found a huge runed gate.
 41774 | Depths:1 | Found a huge runed gate.
 41786 | Depths:1 | Found a huge runed gate.
 41786 | Depths:1 | Found a huge runed gate.
 41786 | Depths:1 | Found a huge runed gate.
 41786 | Depths:1 | Found a huge runed gate.
 41815 | Depths:1 | Found a huge runed gate.
 41816 | Depths:1 | Found a huge runed gate.
 41830 | Depths:1 | Found a shattered altar of Ashenzari.
 41882 | Depths:1 | Reached XP level 20. HP: 68/178 MP: 25/25
 42085 | Depths:1 | Reached skill level 25 in Shields
 42189 | Depths:1 | Found a huge runed gate.
 42189 | Depths:1 | Found a huge runed gate.
 42204 | Depths:1 | Found a huge runed gate.
 42204 | Depths:1 | Found a huge runed gate.
 42208 | Depths:1 | Found a huge runed gate.
 42208 | Depths:1 | Found a huge runed gate.
 42208 | Depths:1 | Found a huge runed gate.
 42213 | Depths:1 | Found Wawiesum's Gadget Shop.
 42213 | Depths:1 | Found Norchas's Jewellery Shoppe.
 42214 | Depths:1 | Found Itillemi's Jewellery Shoppe.
 42454 | Depths:1 | Found a huge runed gate.
 42454 | Depths:1 | Found a huge runed gate.
 42454 | Depths:1 | Found a huge runed gate.
 42639 | Depths:1 | Found a gateway to Hell.
 42768 | Depths:1 | Noticed a caustic shrike
 42792 | Depths:1 | Killed a caustic shrike
 43204 | Vaults:5 | Entered Level 5 of the Vaults
 43252 | Vaults:4 | Reached skill level 10 in Invocations
 43271 | Vaults:4 | Received a gift from Okawaru
 43434 | Vaults:5 | Noticed a golden dragon
 43559 | Vaults:5 | Demolished by an orc warrior

Skill      XL: |  1  2  3  4  5  6  7  8  9 10 11 12 13 14 15 16 17 18 19 20 |
---------------+-------------------------------------------------------------+-----
Polearms       | 3 4 5 6 7 9 10 12 13 14 | 14.0
Fighting       | 4 5 6 7 8 9 10 12 13 15 16 | 16.7
Armour         | 4 5 6 8 9 10 12 13 15 | 15.0
Shields        | 4 5 6 7 8 9 10 12 14 15 16 18 22 24 25 | 25.0
Invocations    | 1 3 4 6 7 8 10 | 10.7
Dodging        | 4 13 15 | 15.0
Long Blades    | 13 14 | 14.0

Action                   |  1- 3 |  4- 6 |  7- 9 | 10-12 | 13-15 | 16-18 | 19-21 || total
-------------------------+-------+-------+-------+-------+-------+-------+-------++-------
Melee: Trident           |   140 |   192 |   281 |       |       |       |       ||   613
       Headbutt          |    15 |    37 |    62 |   240 |   745 |   614 |   357 ||  2070
       Spear             |       |       |   188 |  1124 |  2756 |   423 |   147 ||  4638
       Demon blade       |       |       |       |       |       |  1631 |   896 ||  2527
Invok: Heroism           |       |       |       |     5 |    13 |     2 |     4 ||    24
       Finesse           |       |       |       |     5 |    11 |     2 |     4 ||    22
  Use: Scroll            |       |       |       |     1 |    27 |    11 |     4 ||    43
       Potion            |       |       |       |       |     1 |     1 |     2 ||     4
 Stab: Confused          |       |       |       |       |       |     2 |       ||     2
  Eat: Chunk             |     2 |     6 |    15 |    21 |    31 |    18 |     9 ||   102
       Ration            |       |       |     1 |     2 |     2 |     7 |     2 ||    14
Armor: Scale mail        |    41 |    46 |    24 |       |       |       |       ||   111
       Plate armour      |       |       |   113 |   191 |   302 |       |       ||   606
       Acid dragon scale |       |       |       |       |    84 |    50 |       ||   134
       Chain mail        |       |       |       |       |       |   338 |   111 ||   449
Dodge: Dodged            |    33 |    70 |    73 |   165 |   519 |   745 |   246 ||  1851
Block: Shield            |    51 |    90 |   170 |   372 |   151 |       |       ||   834
       Large shield      |       |       |       |       |  1688 |  1963 |   842 ||  4493
       Rpst.: Demon blade |       |       |       |       |       |    91 |    48 ||   139
